 Dungeon Crawl Stone Soup version 0.30-a0-310-g7d6cbdfea6 (webtiles) character file.

Game seed: 4052285204955330072

53 hikkokomori the Caller (level 3, -6/26 HPs)
             Began as a Demigod Summoner on Oct 25, 2022.
             Mangled by a gnoll
             ... wielding a +0 flail
              (10 damage)
             ... on level 2 of the Dungeon.
             The game lasted 00:07:49 (1706 turns).

hikkokomori the Caller (Demigod Summoner)           Turns: 1706, Time: 00:07:51

Health: -6/26      AC:  2    Str:  9    XL:     3   Next: 42%
Magic:  9/9        EV: 12    Int: 23    God:
Gold:   96         SH:  0    Dex: 18    Spells: 4/7 levels left

rFire   . . .      SeeInvis .    k - +0 hand axe
rCold   . . .      Faith    .    (no shield)
rNeg    . . .      Spirit   .    a - +0 robe
rPois   .          Reflect  .    (no helmet)
rElec   .          Harm     .    (no cloak)
rCorr   .          Rampage  .    (no gloves)
Will    .....                    (no boots)
Stlth   ++........               (no amulet)
HPRegen 0.24/turn                m - +6 ring of intelligence
MPRegen 0.11/turn                (no ring)

@: no status effects
A: high MP 1, forlorn, divine attributes
a: no special abilities


You were on level 2 of the Dungeon.
You visited 1 branch of the dungeon, and saw 2 of its levels.

You collected 96 gold pieces.

Inventory:

Hand Weapons
 k - a +0 hand axe (weapon)
Missiles
 c - a throwing net
Armour
 a - a +0 robe (worn)
Magical Staves
 d - a staff of conjuration
Jewellery
 m - a +6 ring of intelligence (left hand)
Scrolls
 g - 2 scrolls of immolation {unknown}
 j - 2 scrolls of identify {unknown}
Potions
 b - a potion of magic
 f - a potion of curing {unknown}
 h - a potion of mutation {unknown}
 i - 2 potions of lignification {unknown}
 l - a potion of resistance {unknown}


   Skills:
 - Level 2.1 Dodging
 - Level 2.2 Stealth
 + Level 2.5 Spellcasting
 + Level 4.1 Summonings


You had 4 spell levels left.
You knew the following spells:

 Your Spells              Type           Power      Damage    Failure   Level
a - Summon Small Mammal   Summ           84%        N/A       2%          1
b - Call Imp              Summ           21%        N/A       3%          2

Your spell library contained the following spells:

 Spells                   Type           Power      Damage    Failure   Level
 Call Canine Familiar     Summ           21%        N/A       7%          3
 Summon Guardian Golem    Hex/Summ       12%        N/A       16%         3
 Summon Lightning Spire   Summ/Air       12%        N/A       45%         4


Dungeon Overview and Level Annotations

Branches:
Dungeon (2/15)


Innate Abilities, Weirdness & Mutations

You have an increased reservoir of magic. (+10% MP)
You shall have no god before yourself.
Your divine heritage dramatically boosts your attributes as you level up.


Message History

A gnoll is nearby!
A gnoll comes into view. It is wielding a +0 flail.
You see here 7 stones. 2 gnolls come into view.
A rat comes into view.
The gnoll shouts! x3
You hit the gnoll but do no damage. You barely miss the rat.
The rat barely misses you. The gnoll misses you. The gnoll closely misses you.
The gnoll barely misses you. The rat bites you.
You hit the gnoll.
The gnoll is moderately wounded.
You hit the rat but do no damage. You barely miss the gnoll.
The gnoll hits you from afar with a +0 halberd!
The gnoll hits you with a +0 club. x2; The rat closely misses you.
You are too injured to fight recklessly!
You are too injured to fight recklessly!
You are too injured to fight recklessly!
You are too injured to fight recklessly!
You are too injured to fight recklessly!
You are too injured to fight recklessly!
You are too injured to fight recklessly!
You are too injured to fight recklessly!
You are too injured to fight recklessly!
You are too injured to fight recklessly!
You are too injured to fight recklessly!
You are too injured to fight recklessly!
You are too injured to fight recklessly!
You are too injured to fight recklessly!
You are too injured to fight recklessly!
You are too injured to fight recklessly!
You are too injured to fight recklessly!
You are too injured to fight recklessly!
Unknown command.
As you read the scroll labelled OTAPNE UJEKH, it crumbles to dust.
You hear a loud clanging noise!
It was a scroll of noise.
The gnoll barely misses you. The gnoll hits you with a +0 club!
* * * LOW HITPOINT WARNING * * *
The gnoll hits you with a +0 flail!
You die...

..######.# # .. ###.###
#...... #.#.##. #.#.##.
##############.#..#.
#..............#....
#####.gg.............#..
#....gg@..(........#.#..
#.....r#########.....#..
#...... #..........
#...... #..).......
#...... #..........
#...... #..........
#...... #..........
#...... #..........
#..........


You could see 4 gnolls and a rat.

Vanquished Creatures
  An adder (D:2)
  2 hobgoblins
  A quokka (D:2)
  5 ball pythons
  5 bats
  2 frilled lizards
  2 goblins
  7 kobolds (D:2)
  2 rats
27 creatures vanquished.

Vanquished Creatures (collateral kills)
  A worm (D:2)
  A dart slug (D:2)
  A ball python (D:2)
  An endoplasm (D:1)
  A goblin (D:2)
  A hobgoblin (D:2)
  2 quokkas
  A bat (D:2)
  4 kobolds (D:2)
13 creatures vanquished.

Grand Total: 40 creatures vanquished

Notes
Turn   | Place    | Note
-------+----------+-------------------------------------------
     0 | D:1      | hikkokomori the Demigod Summoner began the quest for the
                  | Orb.
     0 | D:1      | Reached XP level 1. HP: 14/14 MP: 5/5
   730 | D:2      | Reached XP level 2. HP: 11/20 MP: 2/7
  1176 | D:1      | Learned a level 2 spell: Call Imp
  1282 | D:2      | Reached XP level 3. HP: 10/26 MP: 3/9
  1443 | D:2      | Reached skill level 4 in Summonings
  1706 | D:2      | Mangled by a gnoll

Illustrated notes

Levels and vault maps discovered:
D:1:      eino_arrival_druids_welcome, layout_basic
D:2:      minmay_kobold_bridge, layout_basic, minmay_guardbox

Skill      XL: |  1  2  3 |
---------------+----------+-----
Stealth        | 2 |  2.2
Dodging        | 2 |  2.1
Spellcasting   | 2 |  2.5
Summonings     | 4 |  4.1

Action                   || total
-------------------------++-------
Melee: Staff             ||   100
       Unarmed           ||    13
       Hand axe          ||    39
       Punch             ||     1
 Cast: Summon Small Mamm ||    24
       Call Imp          ||     2
  Use: Scroll            ||     1
 Stab: Sleeping          ||     5
       Distracted        ||     1
Armor: Robe              ||    38
Dodge: Dodged            ||   160

Table legend: (Time is in decaauts)
 A = Elapsed time spent in this place.
 B = Non-inter-level travel time spent in this place.
 C = Inter-level travel time spent in this place.
 D = Time resting spent in this place.
 E = Time spent auto-exploring this place.
 F = Levels seen in this place.
 G = Mean time per level.
                   A        B        C        D        E       F      G
               +--------+--------+--------+--------+--------+-----+--------+
         Total |   1738 |   1708 |     30 |    190 |   1059 |   2 |  869.0 |
       Dungeon |   1738 |   1708 |     30 |    190 |   1059 |   2 |  869.0 |
               +--------+--------+--------+--------+--------+-----+--------+

Top non-repeatable levels by time:
     D:1: 970 daAuts
     D:2: 767 daAuts
